TOP OF THE 1ST |
Montgomery Grey Sox batting - Pitching for Athens Assassins : LHP Roberto Castro
|
Pitching: LHP Roberto Castro
|
|
Batting: LHB Alberto Santos
|
0-0: Ball 1-0: Bunt for hit - play at first, batter OUT! 2-3
|
Batting: RHB Rusty Downy
|
0-0: Foul Ball, location: 2F 0-1: Foul Ball, location: 2F 0-2: Ball 1-2: Strikes out swinging
|
Batting: LHB Al Gaines
|
0-0: Ball 1-0: Ball 2-0: Called Strike 2-1: Foul Ball, location: 2F 2-2: Foul Ball, location: 2F 2-2: Foul Ball, location: 2F 2-2: Fly out, F9 (Flyball, 89M)
|
Top of the 1st over - 0 run(s), 0 hit(s), 0 error(s), 0 left on base; Montgomery 0 - Athens 0 |
BOTTOM OF THE 1ST |
Athens Assassins batting - Pitching for Montgomery Grey Sox : RHP Gabriel Oliuo
|
Pitching: RHP Gabriel Oliuo
|
|
Batting: SHB José Estreito
|
0-0: Called Strike 0-1: Swinging Strike 0-2: DOUBLE (Flyball, 7LS)
|
Batting: RHB Juan Gonzáles
|
0-0: Called Strike 0-1: Called Strike 0-2: Ground out 5-3 (Groundball, 5)
|
Batting: RHB Jorge Loanos
|
0-0: Ball 1-0: Ball 2-0: Ball 3-0: Ground out 6-3 (Groundball, 6) José Estreito to third
|
Batting: LHB Terry Simpson
|
0-0: Ball 1-0: Ball 2-0: SINGLE (Line Drive, 7LS) José Estreito scores
|
Batting: LHB António Romo
|
0-0: Ball 1-0: Foul Ball, location: 2F 1-1: Foul Ball, location: 2F 1-2: Ball Passed Ball! Terry Simpson to second 2-2: Foul Ball, location: 2F 2-2: Strikes out swinging
|
Bottom of the 1st over - 1 run(s), 2 hit(s), 0 error(s), 1 left on base; Montgomery 0 - Athens 1 |
TOP OF THE 2ND |
Montgomery Grey Sox batting - Pitching for Athens Assassins : LHP Roberto Castro
|
Batting: RHB Bob Johnson
|
0-0: Swinging Strike 0-1: Ball 1-1: Called Strike 1-2: Ball 2-2: Ball 3-2: Fly out, F6 (Line Drive, 6)
|
Batting: RHB José Carlos Caraballo
|
0-0: Foul Ball, location: 2F 0-1: Fly out, F4 (Popup, 4M)
|
Batting: RHB José Montoya
|
0-0: Swinging Strike 0-1: Swinging Strike 0-2: Foul Ball, location: 2F 0-2: Strikes out swinging
|
Top of the 2nd over - 0 run(s), 0 hit(s), 0 error(s), 0 left on base; Montgomery 0 - Athens 1 |
BOTTOM OF THE 2ND |
Athens Assassins batting - Pitching for Montgomery Grey Sox : RHP Gabriel Oliuo
|
Batting: LHB Tommy Payne
|
0-0: Ball 1-0: Ball 2-0: Ball 3-0: Called Strike 3-1: Ground out 4-3 (Groundball, 34)
|
Batting: LHB Al Bartlett
|
0-0: Ball 1-0: Ball 2-0: Ball 3-0: Called Strike 3-1: Base on Balls
|
Batting: RHB Ryan Jackson
|
0-0: Called Strike 0-1: Foul Ball, location: 2F 0-2: Ball 1-2: SINGLE (Groundball, 34) Al Bartlett to second Runner from 2nd tries for 3rd, SAFE, throw made to third
|
Batting: SHB Rick Turner
|
0-0: Ball 1-0: Called Strike 1-1: Foul Ball, location: 2F 1-2: DOUBLE (Groundball, 3L) Al Bartlett scores Ryan Jackson to third
|
Batting: SHB José Estreito
|
0-0: Swinging Strike 0-1: Fly out, F5 (Popup, 5DF)
|
Batting: RHB Juan Gonzáles
|
0-0: Swinging Strike 0-1: Foul Ball, location: 2F 0-2: Strikes out looking
|
Bottom of the 2nd over - 1 run(s), 2 hit(s), 0 error(s), 2 left on base; Montgomery 0 - Athens 2 |
TOP OF THE 3RD |
Montgomery Grey Sox batting - Pitching for Athens Assassins : LHP Roberto Castro
|
Batting: LHB Bob Jones
|
0-0: Foul Ball, location: 2F 0-1: Foul Ball, location: 2F 0-2: Strikes out looking
|
Batting: RHB Sergio Gonzáles
|
0-0: Ball 1-0: Ball 2-0: Called Strike 2-1: Called Strike 2-2: Strikes out looking
|
Batting: RHB António Nevárez
|
0-0: Ground out 1-3 (Groundball, 23)
|
Top of the 3rd over - 0 run(s), 0 hit(s), 0 error(s), 0 left on base; Montgomery 0 - Athens 2 |
BOTTOM OF THE 3RD |
Athens Assassins batting - Pitching for Montgomery Grey Sox : RHP Gabriel Oliuo
|
Batting: RHB Jorge Loanos
|
0-0: Foul Ball, location: 2F 0-1: Called Strike 0-2: Ball 1-2: Foul Ball, location: 2F 1-2: Strikes out swinging
|
Batting: LHB Terry Simpson
|
0-0: Swinging Strike 0-1: Foul Ball, location: 2F 0-2: Ball 1-2: Strikes out swinging
|
Batting: LHB António Romo
|
0-0: Ball 1-0: SINGLE (Groundball, 34D)
|
Batting: LHB Tommy Payne
|
0-0: Ball 1-0: Ball 2-0: Ball 3-0: Base on Balls António Romo to second
|
Batting: LHB Al Bartlett
|
0-0: Ground out U3 (Groundball, 3)
|
Bottom of the 3rd over - 0 run(s), 1 hit(s), 0 error(s), 2 left on base; Montgomery 0 - Athens 2 |
TOP OF THE 4TH |
Montgomery Grey Sox batting - Pitching for Athens Assassins : LHP Roberto Castro
|
Batting: LHB Alberto Santos
|
0-0: Ground out 1-3 (Groundball, 15)
|
Batting: RHB Rusty Downy
|
0-0: Ball 1-0: Ground out 6-3 (Groundball, 6M)
|
Batting: LHB Al Gaines
|
0-0: Ball 1-0: Ground out U3 (Groundball, 3S)
|
Top of the 4th over - 0 run(s), 0 hit(s), 0 error(s), 0 left on base; Montgomery 0 - Athens 2 |
BOTTOM OF THE 4TH |
Athens Assassins batting - Pitching for Montgomery Grey Sox : RHP Gabriel Oliuo
|
Batting: RHB Ryan Jackson
|
0-0: Swinging Strike 0-1: Foul Ball, location: 2F 0-2: Strikes out swinging
|
Batting: SHB Rick Turner
|
0-0: Ball 1-0: Swinging Strike 1-1: Ball 2-1: Ball 3-1: Base on Balls
|
Batting: SHB José Estreito
|
0-0: Ball 1-0: SINGLE (Line Drive, 7S) Rick Turner to second
|
Batting: RHB Juan Gonzáles
|
0-0: Ball 1-0: Foul Ball, location: 2F 1-1: Ball 2-1: Ball 3-1: Base on Balls Rick Turner to third José Estreito to second
|
Batting: RHB Jorge Loanos
|
0-0: Foul Ball, location: 2F 0-1: Swinging Strike 0-2: Ball 1-2: Foul Ball, location: 2F 1-2: Foul Ball, location: 2F 1-2: Ball 2-2: SINGLE (Flyball, 78S) Rick Turner scores José Estreito to third Juan Gonzáles to second Runner from 3rd tries for Home, SAFE, no throw or cutoff
|
Batting: LHB Terry Simpson
|
0-0: Called Strike 0-1: Swinging Strike 0-2: Ball 1-2: Foul Ball, location: 2F 1-2: Strikes out swinging
|
Pitching: RHP Dan Gibson
|
|
Batting: LHB António Romo
|
0-0: 3-RUN HOME RUN (Flyball, 9D), Distance : 360 ft
|
Batting: LHB Tommy Payne
|
0-0: Called Strike 0-1: Ball 1-1: SINGLE (Groundball, 34)
|
Batting: LHB Al Bartlett
|
0-0: Called Strike 0-1: Foul Ball, location: 2F 0-2: Ball 1-2: Ball 2-2: Foul Ball, location: 2F 2-2: Foul Ball, location: 2F 2-2: Ball 3-2: Ground out 4-3 (Groundball, 4)
|
Bottom of the 4th over - 5 run(s), 4 hit(s), 0 error(s), 1 left on base; Montgomery 0 - Athens 7 |
TOP OF THE 5TH |
Montgomery Grey Sox batting - Pitching for Athens Assassins : LHP Roberto Castro
|
Batting: RHB Bob Johnson
|
0-0: Ball 1-0: SINGLE (Line Drive, 6M)
|
Batting: RHB José Carlos Caraballo
|
0-0: DOUBLE (Line Drive, 3D) Bob Johnson to third
|
Batting: RHB José Montoya
|
0-0: Ball 1-0: Reached on error, E5 (Groundball, 56S) Bob Johnson scores José Carlos Caraballo to third
|
Batting: LHB Bob Jones
|
0-0: Foul Ball, location: 2F 0-1: Foul Ball, location: 2F 0-2: Strikes out swinging
|
Batting: RHB Sergio Gonzáles
|
0-0: Called Strike 0-1: Swinging Strike 0-2: SINGLE (Groundball, 56) José Carlos Caraballo scores José Montoya to second
|
Batting: RHB António Nevárez
|
0-0: Swinging Strike 0-1: Ball 1-1: Swinging Strike 1-2: Strikes out swinging
|
Batting: LHB Alberto Santos
|
0-0: Called Strike 0-1: Foul Ball, location: 2F 0-2: Strikes out swinging
|
Top of the 5th over - 2 run(s), 3 hit(s), 1 error(s), 2 left on base; Montgomery 2 - Athens 7 |
BOTTOM OF THE 5TH |
Athens Assassins batting - Pitching for Montgomery Grey Sox : RHP Dan Gibson
|
Batting: RHB Ryan Jackson
|
0-0: Called Strike 0-1: Foul Ball, location: 2F 0-2: Ball 1-2: Foul Ball, location: 2F 1-2: Foul Ball, location: 2F 1-2: Strikes out swinging
|
Batting: SHB Rick Turner
|
0-0: Called Strike 0-1: Ball 1-1: SINGLE (Line Drive, 6MD)
|
Batting: SHB José Estreito
|
0-0: Ball Rick Turner steals 2nd base 1-0: Swinging Strike 1-1: Foul Ball, location: 2F 1-2: Ball 2-2: Ball 3-2: Foul Ball, location: 2F 3-2: Foul Ball, location: 2F 3-2: Fly out, F8 (Flyball, 8RM)
|
Batting: RHB Juan Gonzáles
|
0-0: Called Strike 0-1: Fly out, F8 (Flyball, 8RM)
|
Bottom of the 5th over - 0 run(s), 1 hit(s), 0 error(s), 1 left on base; Montgomery 2 - Athens 7 |
TOP OF THE 6TH |
Montgomery Grey Sox batting - Pitching for Athens Assassins : LHP Roberto Castro
|
Batting: RHB Rusty Downy
|
0-0: Ball 1-0: Ball 2-0: Ball 3-0: Base on Balls
|
Batting: LHB Al Gaines
|
0-0: Ball 1-0: Ball 2-0: SINGLE (Groundball, 3S) Rusty Downy to second Runner from 2nd tries for 3rd, SAFE, no throw or cutoff
|
Batting: RHB Bob Johnson
|
0-0: Ball 1-0: Ball 2-0: Ball 3-0: Base on Balls Al Gaines to second
|
Pitching: RHP Kieron Lahyani
|
|
Batting: RHB José Carlos Caraballo
|
0-0: Called Strike 0-1: Swinging Strike 0-2: Fielders Choice at 2nd, 3-6 (Groundball, 3) Rusty Downy scores Al Gaines to third
|
Batting: RHB José Montoya
|
0-0: Foul Ball, location: 2F 0-1: Swinging Strike 0-2: Ball José Carlos Caraballo steals 2nd base 1-2: Ball Wild Pitch! Al Gaines scores José Carlos Caraballo to third 2-2: Foul Ball, location: 2F 2-2: Ball 3-2: Foul Ball, location: 2F 3-2: Foul Ball, location: 2F 3-2: SINGLE (Flyball, 7S) José Carlos Caraballo scores
|
Batting: LHB Bob Jones
|
0-0: Called Strike José Montoya steals 2nd base 0-1: Ball 1-1: Swinging Strike 1-2: 2-RUN HOME RUN (Flyball, 9LD), Distance : 347 ft
|
Batting: RHB Sergio Gonzáles
|
0-0: Ground out 5-3 (Groundball, 5L)
|
Batting: RHB António Nevárez
|
0-0: Ball 1-0: Ball 2-0: Foul Ball, location: 2F 2-1: Foul Ball, location: 2F 2-2: Foul Ball, location: 2F 2-2: Strikes out swinging
|
Top of the 6th over - 5 run(s), 3 hit(s), 0 error(s), 0 left on base; Montgomery 7 - Athens 7 |
BOTTOM OF THE 6TH |
Athens Assassins batting - Pitching for Montgomery Grey Sox : RHP Dan Gibson
|
Batting: RHB Jorge Loanos
|
0-0: Foul Ball, location: 2F 0-1: Fly out, F7 (Flyball, 7LS)
|
Batting: LHB Terry Simpson
|
0-0: Ground out U3 (Groundball, 3L)
|
Batting: LHB António Romo
|
0-0: Called Strike 0-1: Ball 1-1: Ball 2-1: Swinging Strike 2-2: Strikes out swinging
|
Bottom of the 6th over - 0 run(s), 0 hit(s), 0 error(s), 0 left on base; Montgomery 7 - Athens 7 |
TOP OF THE 7TH |
Montgomery Grey Sox batting - Pitching for Athens Assassins : RHP Kieron Lahyani
|
Pinch Hitting: SHB Marvin López
|
0-0: Ball 1-0: Swinging Strike 1-1: Called Strike 1-2: Ball Reached via error on a dropped throw, E3
|
Batting: RHB Rusty Downy
|
0-0: Ball 1-0: Ball 2-0: Ball 3-0: Called Strike 3-1: SINGLE (Line Drive, 6MD) Marvin López to second
|
Batting: LHB Al Gaines
|
0-0: Ball 1-0: Foul Ball, location: 2F 1-1: Fielders Choice at 2nd, 4-6 (Groundball, 4) Marvin López to third
|
Batting: RHB Bob Johnson
|
0-0: Ball Al Gaines is caught stealing 2nd base 1-0: Fly out, F9 (Flyball, 9S)
|
Top of the 7th over - 0 run(s), 1 hit(s), 1 error(s), 1 left on base; Montgomery 7 - Athens 7 |
BOTTOM OF THE 7TH |
Athens Assassins batting - Pitching for Montgomery Grey Sox : RHP Dan Gibson
|
Pitching: RHP Jorge Gonzáles
|
|
Now in LF: Martín Palaeios
|
|
Batting: LHB Tommy Payne
|
0-0: Swinging Strike 0-1: Ball 1-1: Ball 2-1: Foul Ball, location: 2F 2-2: Ball 3-2: Strikes out swinging
|
Batting: LHB Al Bartlett
|
0-0: Foul Ball, location: 2F 0-1: Ball 1-1: Foul Ball, location: 2F 1-2: Strikes out swinging
|
Pinch Hitting: LHB Pedro Rodríguez
|
0-0: Fly out, F9 (Flyball, 89M)
|
Bottom of the 7th over - 0 run(s), 0 hit(s), 0 error(s), 0 left on base; Montgomery 7 - Athens 7 |
TOP OF THE 8TH |
Montgomery Grey Sox batting - Pitching for Athens Assassins : RHP Kieron Lahyani
|
Pitching: RHP Cisco López
|
|
Now at 1B: Pedro Rodríguez
|
|
Batting: RHB José Carlos Caraballo
|
0-0: Called Strike 0-1: Foul Ball, location: 2F 0-2: SINGLE (Line Drive, 9S)
|
Batting: RHB José Montoya
|
0-0: Called Strike 0-1: Sac Bunt - play at first, batter OUT! 5-4 José Carlos Caraballo to second
|
Batting: LHB Bob Jones
|
0-0: Intentional Walk
|
Pinch Hitting: RHB Bryant von Bohlen
|
0-0: Ball 1-0: Foul Ball, location: 2F 1-1: Swinging Strike 1-2: Fly out, F8 (Flyball, 8LS)
|
Pinch Hitting: SHB Joe Pierce
|
0-0: Swinging Strike 0-1: Swinging Strike 0-2: Ball 1-2: Ball Wild Pitch! José Carlos Caraballo to third Bob Jones to second 2-2: Strikes out swinging
|
Top of the 8th over - 0 run(s), 1 hit(s), 0 error(s), 2 left on base; Montgomery 7 - Athens 7 |
BOTTOM OF THE 8TH |
Athens Assassins batting - Pitching for Montgomery Grey Sox : RHP Jorge Gonzáles
|
Now at 3B: Hoyt Norris
|
|
Now at SS: Félix Cruz
|
|
Batting: SHB Rick Turner
|
0-0: Ball 1-0: Ball 2-0: Called Strike 2-1: Ball 3-1: Foul Ball, location: 2F 3-2: Fly out, F8 (Flyball, 78D)
|
Pinch Hitting: LHB Mike Davis
|
0-0: Foul Ball, location: 2F 0-1: Foul Ball, location: 2F 0-2: Foul Ball, location: 2F 0-2: Foul Ball, location: 2F 0-2: Foul Ball, location: 2F 0-2: Ball 1-2: Fly out, F8 (Flyball, 8LXD)
|
Batting: RHB Juan Gonzáles
|
0-0: Called Strike 0-1: Ball 1-1: Foul Ball, location: 2F 1-2: Ball 2-2: Ball 3-2: Fly out, F2 (Popup, 13S)
|
Bottom of the 8th over - 0 run(s), 0 hit(s), 0 error(s), 0 left on base; Montgomery 7 - Athens 7 |
TOP OF THE 9TH |
Montgomery Grey Sox batting - Pitching for Athens Assassins : RHP Cisco López
|
Pitching: RHP Ramón Maestas
|
|
Now in RF: Ramón Rodríguez
|
|
Pinch Hitting: RHB Dave Roberts
|
0-0: Called Strike 0-1: Ball 1-1: Foul Ball, location: 2F 1-2: Strikes out swinging
|
Batting: RHB Rusty Downy
|
0-0: Ball 1-0: Ball 2-0: Fly out, F9 (Flyball, 89M)
|
Batting: LHB Al Gaines
|
0-0: Foul Ball, location: 2F 0-1: Foul Ball, location: 2F 0-2: TRIPLE (Flyball, 78XD)
|
Batting: RHB Bob Johnson
|
0-0: Fly out, F8 (Flyball, 8RM)
|
Top of the 9th over - 0 run(s), 1 hit(s), 0 error(s), 1 left on base; Montgomery 7 - Athens 7 |
BOTTOM OF THE 9TH |
Athens Assassins batting - Pitching for Montgomery Grey Sox : RHP Jorge Gonzáles
|
Now in LF: Gilbert Stegall
|
|
Batting: RHB Jorge Loanos
|
0-0: Called Strike 0-1: Ball 1-1: Foul Ball, location: 2F 1-2: Ball 2-2: Strikes out swinging
|
Batting: LHB Terry Simpson
|
0-0: Foul Ball, location: 2F 0-1: Ball 1-1: Foul Ball, location: 2F 1-2: SOLO HOME RUN (Flyball, 9D), Distance : 365 ft
|
Monday, December 5th, 2016 - OOTP Baseball 17.12 Build 75
|
|